 Dungeon Crawl Stone Soup version 0.25-a0-667-gb977e01cb5 (webtiles) character file.

Game seed: 11382434896670005096, levelgen mode: deterministic

92 Serozin the Shield-Bearer (level 4, -3/29 HPs)
             Began as a Gargoyle Fighter on Mar 27, 2020.
             Killed by nerve-wracking pain
             ... invoked by Grinder
              (7 damage)
             ... on level 3 of the Dungeon.
             The game lasted 00:04:15 (1484 turns).

Serozin the Shield-Bearer (Gargoyle Fighter)        Turns: 1484, Time: 00:04:16

Health: -3/29      AC: 11    Str: 20    XL:     4   Next: 60%
Magic:  4/4        EV:  7    Int:  9    God:
Gold:   82         SH:  9    Dex:  9    Spells: 3/3 levels left

rFire    . . .     SeeInvis .   a - +0 flail
rCold    . . .     Gourm    .   c - +0 kite shield
rNeg     + . .     Faith    .   b - +0 scale mail
rPois    ∞         Spirit   .   (no helmet)
rElec    +         Reflect  .   k - +0 cloak
rCorr    .         Harm     .   (no gloves)
MR       .....                  (no boots)
Stlth    ..........             (no amulet)
HPRegen  0.09/turn              (no ring)
MPRegen  0.09/turn              (no ring)

@: no status effects
A: negative energy resistance 1, electricity resistance, unbreathing,
petrification resistance, rot immunity, AC +3
a: no special abilities


You were on level 3 of the Dungeon.
You were not hungry.

You visited 1 branch of the dungeon, and saw 3 of its levels.

You collected 82 gold pieces.

Inventory:

Hand Weapons
 a - a +0 flail (weapon)
Armour
 b - a +0 scale mail (worn)
 c - a +0 kite shield (worn)
 k - a +0 cloak (worn)
Jewellery
 n - an uncursed ring of ice {unknown}
Scrolls
 e - a scroll of teleportation {unknown}
 h - a scroll of remove curse {unknown}
 i - a scroll of amnesia {unknown}
 j - a scroll of enchant weapon {unknown}
 m - a scroll of noise {unknown}
 p - 2 scrolls of identify {unknown}
Potions
 d - a potion of might
 g - a potion of stabbing {unknown}
 l - 2 potions of heal wounds {unknown}
Comestibles
 f - 5 rations


   Skills:
 + Level 3.8 Fighting
 * Level 3.2 Maces & Flails
 - Level 3.3 Armour
 * Level 4.4 Shields


You had 3 spell levels left.
You didn't know any spells.
Your spell library was empty.

Dungeon Overview and Level Annotations

Branches:
Dungeon (3/15)

Altars:
Fedhas

Annotations:
D:3 Grinder


Innate Abilities, Weirdness & Mutations

You are resistant to torment.
Your stone body is resilient. (AC +3)
You are immune to poison.
You resist negative energy. (rN+)
You are resistant to electric shocks. (rElec)
You can survive without breathing.
You are immune to petrification.
You are immune to rotting.


Message History

You hit Grinder.
Grinder is lightly wounded.
Grinder hits you.
* * * LOW HITPOINT WARNING * * *
You hit Grinder.
Grinder is moderately wounded.
You block Grinder's attack.
You closely miss Grinder.
Grinder is moderately wounded.
Grinder closely misses you.
Grinder blinks!
Grinder gestures at you. Pain shoots through your body!
* * * LOW HITPOINT WARNING * * *
There is an open door here.
You close the door.
Grinder blinks!
An adder comes into view.
Grinder gestures at you. Pain shoots through your body!
You die...

#....##<.........
####....S.#....#.#.#
#..†.........#.#.#
#.#.#....##..#.#.######
#.....#...####.#.#....#
#.#.#.#.....##.#.#....#
#.....#......#.#.#....#
##.##.....#.##.#.#....#
#..####...#@##.#.†....#
....
...........#......# ..
.##
######.......§.##.##
#.. #...5.....+...#....
#.....[...#.#.#....
#.........#.#.#!...
............#.#.#....
#############.#.#....
###5#....


You could see Grinder and an adder (wandering).

Vanquished Creatures
  3 adders
  A worm (D:2)
  5 dart slugs
  4 leopard geckos
  3 bats
  2 giant cockroaches
  8 goblins
  3 hobgoblins
  4 jackals (D:1)
  A quokka (D:1)
  4 frilled lizards
  3 kobolds (D:1)
  9 rats
50 creatures vanquished.

Notes
Turn   | Place    | Note
-------+----------+-------------------------------------------
     0 | D:1      | Serozin the Gargoyle Fighter began the quest for the Orb.
     0 | D:1      | Reached XP level 1. HP: 14/14 MP: 1/1
    51 | D:1      | Reached XP level 2. HP: 18/19 MP: 2/2
   120 | D:1      | Reached XP level 3. HP: 20/23 MP: 3/3
   650 | D:1      | Reached skill level 4 in Shields
   903 | D:2      | Reached XP level 4. HP: 28/29 MP: 4/4
  1186 | D:2      | Found a blossoming altar of Fedhas.
  1443 | D:3      | Noticed Grinder
  1484 | D:3      | Killed from afar by Grinder

Levels and vault maps discovered:
D:1:      lemuel_arrival_river_ford, layout_rooms, minivault_5,
          hangedman_feature_mirror
D:2:      layout_basic, fedhas_altar_2
D:3:      layout_basic, lemuel_coloured_pillars_altar,
          overflow_temple_1_default, serial_co_window_serial,
          co_window_corner_a, co_window_paths_b, co_window_paths_a,
          co_window_paths_b, co_window_of_opportunity_a, co_window_cross_2,
          co_window_broadway_a, co_window_unsneaky_path_e, co_window_2corner,
          co_window_broadway_a, co_window_corner_b, co_window_of_opportunity_c,
          co_window_paths_d, glass_columns_a, glass_columns_c, glass_columns_b,
          glass_columns_a, uniq_grinder

Skill      XL: |  1  2  3 |
---------------+----------+-----
Shields        | 4 |  4.4
Maces & Flails | 3 |  3.2
Fighting       | |  3.8
Armour         | |  3.3

Action                   |  1- 3 |  4- 6 || total
-------------------------+-------+-------++-------
Melee: Flail             |   155 |    59 ||   214
  Eat: Chunk             |       |     2 ||     2
Armor: Scale mail        |   124 |    19 ||   143
Dodge: Dodged            |    67 |    17 ||    84
Block: Kite shield       |   111 |    24 ||   135

Table legend:
 A = Non-vault XP
 B = Vault XP
 C = Vault XP percentage of total XP
 D = Non-vault monster count
 E = Vault monster count
 F = Vault count percentage of total count
                 A         B        C        D         E       F
            +---------+---------+-------+---------+---------+-------
      Total |     132 |       0 |   0.0 |      50 |       0 |   0.0
            +---------+---------+-------+---------+---------+-------
        D:1 |      56 |       0 |   0.0 |      31 |       0 |   0.0
        D:2 |      61 |       0 |   0.0 |      17 |       0 |   0.0
        D:3 |      15 |       0 |   0.0 |       2 |       0 |   0.0
            +---------+---------+-------+---------+---------+-------
